 Dungeon Crawl Stone Soup version 0.19.5 (webtiles) character file.

297 Jumperg the Skirmisher (level 6, 0/51 HPs)
             Began as a Demonspawn Abyssal Knight on May 17, 2017.
             Was a Believer of Lugonu.
             Succumbed to a worker ant's poison
             ... on level 4 of the Dungeon.
             The game lasted 00:35:55 (4168 turns).

Jumperg the Skirmisher (Demonspawn Abyssal Knight)  Turns: 4168, Time: 00:35:55

Health: 0/51       AC:  6    Str: 11    XL:     6   Next: 12%
Magic:  9/9        EV: 10    Int: 15    God:    Lugonu [**....]
Gold:   203        SH:  6    Dex: 12    Spells: 0 memorised, 5 levels left

rFire  . . .     SeeInvis .     a - +1 hand axe
rCold  . . .     Gourm    .     q - +0 ring mail
rNeg   . . .     Faith    .     (no shield)
rPois  .         Spirit   .     (helmet restricted)
rElec  .         Reflect  .     (no cloak)
rCorr  .         Harm     .     (no gloves)
MR     .....                    r - +0 pair of boots
Stlth  +.........               (no amulet)
                                (no ring)
                                (no ring)

@: lethally poisoned (0 -> -6)
A: antennae 1, large bone plates 2, demonic guardian 1, weak 1
a: Depart the Abyss, Bend Space, Renounce Religion


You were on level 4 of the Dungeon.
You worshipped Lugonu.
Lugonu was pleased with you.
You were not hungry.

You visited 2 branches of the dungeon, and saw 5 of its levels.
You visited the Abyss 1 time.

You collected 203 gold pieces.

Inventory:

Hand Weapons
 a - a +1 hand axe (weapon)
 s - a +0 hunting sling
Missiles
 e - 132 stones (quivered)
 h - 7 curare-tipped needles
 n - 27 poisoned needles
Armour
 q - a +0 ring mail (worn)
 r - a +0 pair of boots (worn)
 w - a +1 hat
 x - a +2 leather armour of cold resistance
Jewellery
 g - an uncursed amulet of guardian spirit {unknown}
 l - an uncursed ring of ice {unknown}
 o - an uncursed ring of poison resistance {unknown}
 v - an uncursed ring of wizardry {unknown}
 B - an uncursed ring of protection from fire {unknown}
Scrolls
 d - 5 scrolls of identify {unknown}
 k - a scroll of blinking {unknown}
 m - a scroll of recharging {unknown}
 p - 2 scrolls of enchant weapon {unknown}
 u - a scroll of fear {unknown}
 y - a scroll of magic mapping {unknown}
 A - a scroll of teleportation {unknown}
Potions
 f - a potion of mutation {unknown}
 i - a potion of magic {unknown}
 j - a potion of lignification {unknown}
 C - a potion of resistance {unknown}
Comestibles
 b - a royal jelly
 c - 2 bread rations
 t - 2 fruits
 z - a slice of pizza


   Skills:
 * Level 5.1 Fighting
 + Level 3.0 Axes
 + Level 2.8 Armour
 - Level 0.8 Dodging
 + Level 4.2 Invocations


You had 5 spell levels left.
You didn't know any spells.

Dungeon Overview and Level Annotations

Branches:
Dungeon (4/15)             Temple (1/1) D:4

Altars:
Ashenzari
Elyvilon
Gozag
Hepliaklqana
Kikubaaqudgha
Makhleb
Ru
Uskayaw
Vehumet
Xom
Yredelemnul
Zin


Innate Abilities, Weirdness & Mutations

You have a pair of small antennae on your head.
You are mostly covered in large bone plates. (SH +6)
A weak demonic guardian rushes to your aid.
You are weak. (Str -2)


Message History

* * * LOW HITPOINT WARNING * * *
You feel sick.
The hobgoblin hits you but does no damage.
You completely miss the hobgoblin.
The hobgoblin is almost dead.
* * * LOW HITPOINT WARNING * * *
You feel sick.
The hobgoblin hits you but does no damage.
You completely miss the hobgoblin.
The hobgoblin is almost dead.
* * * LOW HITPOINT WARNING * * *
You feel sick. The hobgoblin hits you with a club.
* * * LOW HITPOINT WARNING * * *
You closely miss the hobgoblin.
The hobgoblin is almost dead.
* * * LOW HITPOINT WARNING * * *
You feel sick. You block the hobgoblin's attack.
You closely miss the hobgoblin.
The hobgoblin is severely wounded.
You die...

.###### .!.#
......####...#.....
.......#...... ...
_____............?
_____.............
#####..........#.# ###
#......a...#.#
⌠####....##..#.#.# #########
.).........<...#@# #.......#
⌠####..........#g# #.......#
### #....#.g...(.######...)...#
### #....#..[........##.......#
# #.....##.##...##..........#
#####...#.##......#####.......#
..##....#..#..#######.†.......#
####....##....######..#.......#
.....................##.......#


You could see a hobgoblin.

Vanquished Creatures
  An orc wizard (D:3)
  An orc priest (D:4)
  4 worker ants (D:4)
  2 hound skeletons (D:4)
  4 adders
  An adder skeleton (D:4)
  A worm (D:3)
  A dart slug (D:2)
  A leopard gecko (D:3)
  6 orcs
  3 ball pythons
  5 giant cockroaches
  6 goblins
  A hobgoblin (D:3)
  6 jackals
  7 kobolds
  3 quokkas
  5 bats
  3 frilled lizards (D:3)
  8 rats
69 creatures vanquished.

Notes
Turn   | Place    | Note
-------+----------+-------------------------------------------
     0 | Abyss:1  | Jumperg the Demonspawn Abyssal Knight began the quest for the Orb.
     0 | Abyss:1  | Reached XP level 1. HP: 18/18 MP: 2/2
    47 | Abyss:1  | Noticed a small abomination
    77 | Abyss:1  | Noticed a neqoxec
    77 | Abyss:1  | Gained mutation: You are weak. (Str -2) [a neqoxec]
    78 | D:1      | Escaped the Abyss
   548 | D:1      | Reached * piety under Lugonu
   561 | D:1      | Gained mutation: You have a pair of small antennae on your head. [demonic ancestry]
   561 | D:1      | Reached XP level 2. HP: 24/24 MP: 3/3
  1221 | D:2      | Gained mutation: You are partially covered in large bone plates. (SH +4) [demonic ancestry]
  1221 | D:2      | Reached XP level 3. HP: 29/30 MP: 4/4
  1303 | D:2      | Found an ancient bone altar of Kikubaaqudgha.
  1303 | D:2      | Found a sacrificial altar of Ru.
  1668 | D:3      | Reached skill level 4 in Fighting
  2002 | D:3      | Gained mutation: You are mostly covered in large bone plates. (SH +6) [demonic ancestry]
  2002 | D:3      | Reached XP level 4. HP: 37/37 MP: 6/6
  2639 | D:3      | Reached ** piety under Lugonu
  3067 | D:4      | Found a hazy altar of Hepliaklqana.
  3067 | D:4      | Found a basalt altar of Yredelemnul.
  3067 | D:4      | Found a hazy altar of Hepliaklqana.
  3068 | D:4      | Found a shattered altar of Ashenzari.
  3068 | D:4      | Found a glowing silver altar of Zin.
  3068 | D:4      | Found a hazy altar of Hepliaklqana.
  3068 | D:4      | Found a burning altar of Makhleb.
  3069 | D:4      | Found a white marble altar of Elyvilon.
  3070 | D:4      | Found a basalt altar of Yredelemnul.
  3070 | D:4      | Found a white marble altar of Elyvilon.
  3070 | D:4      | Found a radiant altar of Vehumet.
  3070 | D:4      | Found a shimmering altar of Xom.
  3070 | D:4      | Found a hide-covered altar of Uskayaw.
  3070 | D:4      | Found a basalt altar of Yredelemnul.
  3071 | D:4      | Found an opulent altar of Gozag.
  3071 | D:4      | Found a burning altar of Makhleb.
  3072 | D:4      | Found a staircase to the Ecumenical Temple.
  3114 | Temple   | Entered the Ecumenical Temple
  3117 | Temple   | Reached XP level 5. HP: 43/43 MP: 7/7
  3950 | D:4      | Reached skill level 5 in Fighting
  3950 | D:4      | Gained mutation: A weak demonic guardian rushes to your aid. [demonic ancestry]
  3950 | D:4      | Reached XP level 6. HP: 24/51 MP: 9/9
  4166 | D:4      | HP: 2/51 [hobgoblin/club (4)]
  4168 | D:4      | Succumbed to a worker ant's poison

Skill      XL: |  1  2  3  4  5 |
---------------+----------------+-----
Axes           | 2 3 |  3.0
Armour         | 2 |  2.8
Fighting       | 4 5 |  5.1
Invocations    | 3 4 |  4.2
Dodging        | |  0.8

Action                   |  1- 3 |  4- 6 || total
-------------------------+-------+-------++-------
Melee: Hand axe          |   138 |   181 ||   319
 Fire: Hunting sling     |     1 |       ||     1
Throw: Stone             |    21 |    27 ||    48
Invok: Depart the Abyss  |     1 |       ||     1
  Eat: Chunk             |     4 |     4 ||     8
       Bread ration      |       |     1 ||     1
Armor: Leather armour    |    17 |       ||    17
       Ring mail         |    27 |    47 ||    74
Dodge: Dodged            |    82 |    89 ||   171
Block: Other             |    14 |    45 ||    59
